 Dungeon Sprint DCSS version 0.20.0-15-g7f486f2 (webtiles) character file.

5681 galech the Severer (level 10, 103/103 HPs)
             Began as a Deep Dwarf Fighter on June 30, 2017.
             Was the Champion of Makhleb.
             Quit the game in the Dungeon (Sprint V: "Ziggurat Sprint").
             The game lasted 00:05:15 (406 turns).

galech the Severer (Deep Dwarf Fighter)              Turns: 406, Time: 00:05:16

Health: 103/103    AC: 31    Str: 36    XL:     10   Next: 47%
Magic:  13/13      EV:  4    Int:  8    God:    Makhleb [******]
Gold:   0          SH: 33    Dex: 12    Spells: 13/13 levels left

rFire    . . .     SeeInvis +   O - +14 obsidian axe {chop, +Fly SInv *Curse} (curse)
rCold    . . .     Gourm    .   N - +18 shield of the Gong {rElec rN+ MR+ EV-5}
rNeg     + . .     Faith    .   M - +15 Maxwell's patent armour {-Cast -Tele rElec MR+ rCorr}
rPois    .         Spirit   .   (no helmet)
rElec    +         Reflect  .   (no cloak)
rCorr    +         Harm     .   (no gloves)
MR       +++..     NoTele   +   R - +0 pair of boots {Fly} Stlth ..........NoCast +
                                (no amulet)
Regen    0.0/turn               I - +6 ring of strength
MPRegen  0.2/turn               J - +6 ring of strength

@: flying, non-regenerating
A: damage resistance, heal wounds, sense surroundings 2, no regeneration
a: Heal Wounds, Minor Destruction, Lesser Servant of Makhleb, Major Destruction,
Greater Servant of Makhleb, Renounce Religion, Stop Flying


You were in the Dungeon.
You worshipped Makhleb.
Makhleb was exalted by your worship.
You were not hungry.

You visited 1 branch

Inventory:

Hand Weapons
 a - a +0 war axe
 O - the cursed +14 obsidian axe (weapon) {chop, +Fly SInv *Curse}
   (You found it in the Dungeon)

   It inflicts extra damage upon your enemies.
   It lets you see invisible.
   It lets you fly.
   It curses itself when equipped.
   It has a curse placed upon it.
Armour
 b - a +0 scale mail
 c - a +0 shield
 l - a +5 crystal plate armour
 K - +5 gold dragon scales
 L - a +3 large shield
 M - the +15 Maxwell's patent armour (worn) {-Cast -Tele rElec MR+ rCorr}
   (You found it in the Dungeon)

   It insulates you from electricity.
   It affects your resistance to hostile enchantments.
   It prevents spellcasting.
   It prevents most forms of teleportation.
   It protects you from acid and corrosion.
 N - the +18 shield of the Gong (worn) {rElec rN+ MR+ EV-5}
   (You found it in the Dungeon)

   It affects your evasion (-5).
   It insulates you from electricity.
   It protects you from negative energy.
   It affects your resistance to hostile enchantments.
 R - a +0 pair of boots of flying (worn)
Jewellery
 z - an uncursed ring of fire
 E - a +6 ring of dexterity
 F - a +6 ring of dexterity
 G - a +6 ring of intelligence
 H - a +6 ring of intelligence
 I - a +6 ring of strength (left hand)
 J - a +6 ring of strength (right hand)
 Q - a +3 ring of evasion
 S - an uncursed ring of protection from magic
 T - an uncursed ring of ice
 U - a +6 ring of protection
 V - an uncursed ring of fire
Wands
 y - a wand of disintegration (7/24)
 B - a wand of iceblast (5/15)
 C - a wand of lightning (5/15)
 D - a wand of acid (5/15)
Scrolls
 k - 4 scrolls of blinking
 m - 4 scrolls of amnesia
 n - 3 scrolls of recharging
 o - 7 scrolls of fog
 p - a scroll of holy word
 q - 5 scrolls of identify
 r - 5 scrolls of remove curse
 s - 2 scrolls of fear
 P - a scroll of brand weapon
 W - 4 scrolls of enchant armour
Potions
 d - 6 potions of might
 e - 10 potions of curing
 g - 10 potions of heal wounds
 h - 6 potions of haste
 i - 7 potions of magic
 j - 3 potions of berserk rage
 v - 2 potions of brilliance
 w - 2 potions of invisibility
 x - 4 potions of resistance
 A - 6 potions of agility
Comestibles
 f - 5 bread rations
 t - 42 fruits
 u - 4 meat rations


   Skills:
 + Level 10.7 Fighting
 + Level 15.2 Axes
 + Level 2.4 Throwing
 + Level 11.2 Armour
 + Level 2.9 Dodging
 + Level 5.4 Stealth
 + Level 13.1 Shields
 + Level 2.4 Unarmed Combat
 + Level 2.1 Spellcasting
 + Level 3.5 Invocations
 + Level 3.6 Evocations


You had 13 spell levels left.
You didn't know any spells.

Dungeon Overview and Level Annotations

Branches:
Dungeon (1/1)

Altars:
Ashenzari
Cheibriados
Dithmenos
Elyvilon
Fedhas
Gozag
Hepliaklqana
Kikubaaqudgha
Makhleb
Nemelex Xobeh
Okawaru
Qazlal
Ru
Sif Muna
Trog
Uskayaw
Vehumet
Xom
Yredelemnul
Zin
The Shining One
Beogh
Jiyva
Lugonu

Annotations:
D 1 transporter


Innate Abilities, Weirdness & Mutations

You are resistant to damage.
You can heal yourself by infusing magical energy.
You passively map the area around you.
You do not regenerate.


Message History

Your ice devil hits the hippogriff.
Your ice devil freezes the hippogriff!
Your orange demon stings the hippogriff from afar!
The hippogriff bites your ice devil but does no damage.
The hippogriff barely misses your ice devil.
The hippogriff misses your ice devil.
Your ufetubus closely misses the hippogriff.
Your ufetubus hits the hippogriff.
You break out of your daze!
The hippogriff dies!
Makhleb accepts your kill.
You see here a hippogriff corpse.
Unknown command.
You swap places.
Unknown command.
You see here a +1 whip of pain.
No target in view!
Unknown command.
Unknown command.
No target in view!
Are you sure you want to abandon this character and quit the game? (Confirm with "yes".)

,,▓....†....▓.......▓
,▓.........▓.......▓
▓.........▓.......▓
▓.▓.....▓.▓.▓...▓.▓
,,▓.........▓.......▓
▓▓▓▓▓▓▓▓▓▓▓▓▓▓▓▓▓▓▓
,, 8 ▓...8©8...▓ , ,,
, ▓..)?}[)..▓ ,
,,▓...)@==..▓ , , ,
▓...543...▓ , ,
▓....54...▓ , , , ,,,
▓.....†...▓ * ,
,,▓...†.....▓ , ,
▓.▓.....▓.▓ *
▓.........▓ , ,,
▓▓▓▓▓▓▓▓▓▓▓ * ** * *
***


You could see a friendly orange demon, a friendly ice devil, a friendly ynoxinul
and 2 friendly ufetubi.

Vanquished Creatures
  A dancing weapon (D)
  2 deep elf magi (D)
  A rime drake (D)
  A polar bear (D)
  2 merfolk (D)
  A tarantella (shapeshifter) (D)
  A water elemental (D)
  A yak (shapeshifter) (D)
  2 yaks (D)
  A golden eye (shapeshifter) (D)
  A basilisk (D)
  A neqoxec (D)
  A soldier ant (shapeshifter) (D)
  A water moccasin (D)
  A porcupine (D)
  A phantom (D)
  A crocodile (shapeshifter) (D)
  A bullfrog (D)
  2 scorpions (D)
  A wight (D)
  A quasit (D)
  An iron imp (D)
  2 orc priests (D)
  An orc wizard (D)
  3 iguanas (D)
  A white imp (D)
  An adder skeleton (D)
  An adder zombie (D)
  A jackal (D)
  A bat simulacrum (D)
  A giant cockroach simulacrum (D)
  A giant cockroach zombie (D)
39 creatures vanquished.

Vanquished Creatures (collateral kills)
  A dancing weapon (D)
  A black mamba (D)
  A freezing wraith (D)
  A polar bear (D)
  2 merfolk (D)
  A hippogriff (D)
  A yak (D)
  A neqoxec (D)
  2 phantoms (D)
  2 white imps (D)
  A jackal (D)
14 creatures vanquished.

Vanquished Creatures (others)
  A spatial maelstrom (D)
1 creature vanquished.

Grand Total: 54 creatures vanquished

Notes
Turn   | Place    | Note
-------+----------+-------------------------------------------
     0 | D        | galech the Deep Dwarf Fighter began the quest for the Orb.
     0 | D        | Reached XP level 1. HP: 20/20 MP: 1/1
    12 | D        | Banished a spatial maelstrom
   118 | D        | Found a blossoming altar of Fedhas.
   119 | D        | Found a viscous altar of Jiyva.
   119 | D        | Found a hazy altar of Hepliaklqana.
   119 | D        | Found a transporter.
   119 | D        | Found an opulent altar of Gozag.
   119 | D        | Found an ancient bone altar of Kikubaaqudgha.
   119 | D        | Found a corrupted altar of Lugonu.
   121 | D        | Found a burning altar of Makhleb.
   122 | D        | Found a sacrificial altar of Ru.
   122 | D        | Found a deep blue altar of Sif Muna.
   122 | D        | Found a stormy altar of Qazlal.
   122 | D        | Found a bloodstained altar of Trog.
   122 | D        | Found an iron altar of Okawaru.
   122 | D        | Found a sparkling altar of Nemelex Xobeh.
   241 | D        | Became a worshipper of Makhleb the Destroyer
   248 | D        | Entered arena 2.
   248 | D        | Noticed a scorpion
   248 | D        | Noticed a scorpion
   248 | D        | Found a transporter.
   252 | D        | Killed a scorpion
   252 | D        | Reached skill level 3 in Axes
   252 | D        | Reached skill level 5 in Armour
   252 | D        | Reached skill level 5 in Shields
   252 | D        | Reached XP level 2. HP: 31/31 MP: 2/2
   252 | D        | Reached XP level 3. HP: 37/37 MP: 3/3
   253 | D        | Killed a scorpion
   253 | D        | Reached skill level 5 in Fighting
   253 | D        | Reached XP level 4. HP: 46/46 MP: 4/4
   254 | D        | Reached skill level 4 in Axes
   254 | D        | Reached XP level 5. HP: 55/55 MP: 4/8
   259 | D        | Entered arena 3.
   259 | D        | Found a transporter.
   262 | D        | Reached * piety under Makhleb
   262 | D        | Reached skill level 5 in Axes
   263 | D        | Reached XP level 6. HP: 63/63 MP: 5/9
   269 | D        | Entered arena 4.
   269 | D        | Noticed a merfolk
   269 | D        | Noticed a merfolk
   269 | D        | Noticed a merfolk
   269 | D        | Noticed a merfolk
   269 | D        | Found a transporter.
   278 | D        | Killed a merfolk
   278 | D        | Reached ** piety under Makhleb
   278 | D        | Reached skill level 6 in Axes
   278 | D        | Killed a merfolk
   278 | D        | Reached skill level 7 in Axes
   278 | D        | Reached XP level 7. HP: 61/72 MP: 6/10
   279 | D        | Killed a merfolk
   282 | D        | Killed a merfolk
   282 | D        | Reached skill level 8 in Axes
   289 | D        | Entered arena 5.
   289 | D        | Found a transporter.
   292 | D        | Reached *** piety under Makhleb
   298 | D        | Entered arena 6.
   298 | D        | Found a transporter.
   299 | D        | Reached **** piety under Makhleb
   302 | D        | Reached XP level 8. HP: 81/81 MP: 9/11
   303 | D        | Reached skill level 10 in Shields
   310 | D        | Entered arena 7.
   310 | D        | Noticed a deep elf mage
   310 | D        | Noticed a war axe of draining
   310 | D        | Noticed a flail of protection
   310 | D        | Noticed a deep elf mage
   311 | D        | Found a transporter.
   314 | D        | Killed a flail of protection
   314 | D        | Reached ***** piety under Makhleb
   314 | D        | Reached skill level 10 in Axes
   314 | D        | Reached skill level 10 in Armour
   316 | D        | Killed a deep elf mage
   316 | D        | Reached skill level 11 in Axes
   316 | D        | Gained mutation: You passively map the area around you. [Deep Dwarf growth]
   316 | D        | Reached XP level 9. HP: 91/91 MP: 12/12
   317 | D        | Killed a deep elf mage
   317 | D        | Reached skill level 12 in Axes
   317 | D        | Killed a war axe of draining
   329 | D        | Entered arena 8.
   330 | D        | Found a transporter.
   333 | D        | Reached skill level 13 in Axes
   334 | D        | Reached skill level 10 in Fighting
   334 | D        | Reached ****** piety under Makhleb
   351 | D        | Entered arena 9.
   352 | D        | Found a transporter.
   358 | D        | Reached XP level 10. HP: 102/102 MP: 13/13
   367 | D        | Entered arena 10.
   368 | D        | Found a transporter.
   370 | D        | Reached skill level 5 in Stealth
   371 | D        | Reached skill level 14 in Axes
   392 | D        | Entered arena 11.
   392 | D        | Noticed a black mamba
   393 | D        | Found a transporter.
   396 | D        | Killed a black mamba
   399 | D        | Reached skill level 15 in Axes
   406 | D        | Quit the game

Skill      XL: |  1  2  3  4  5  6  7  8  9 10 |
---------------+-------------------------------+-----
Fighting       | 4 5 6 7 8 9 10 | 10.7
Axes           | 3 4 5 7 8 11 13 15 | 15.2
Armour         | 5 6 7 9 10 11 | 11.2
Shields        | 5 6 7 9 11 12 13 | 13.1
Throwing       | 2 |  2.4
Dodging        | 2 |  2.9
Stealth        | 3 4 5 |  5.4
Unarmed Combat | 2 |  2.4
Spellcasting   | 2 |  2.1
Invocations    | 3 |  3.5
Evocations     | 3 |  3.6

Action                   |  1- 3 |  4- 6 |  7- 9 | 10-12 || total
-------------------------+-------+-------+-------+-------++-------
Melee: Broad axe         |     4 |     7 |    24 |    13 ||    48
  Use: Potion            |       |     1 |       |       ||     1
 Stab: Distracted        |       |     1 |       |       ||     1
Armor: Plate armour      |     4 |     7 |     8 |     5 ||    24
Dodge: Dodged            |       |       |     1 |     1 ||     2
Block: Shield            |     6 |    17 |    26 |    26 ||    75
